 Dungeon Crawl Stone Soup version 0.29.1-1-gd02db6906a (webtiles) character file.

Game seed: 11120347972651841210

61 xian the Gusty (level 3, -2/24 HPs)
             Began as a Demonspawn Air Elementalist on Sept 30, 2022.
             Killed from afar by an orc wizard (5 damage)
             ... with a puff of flame
             ... on level 3 of the Dungeon.
             The game lasted 00:03:31 (2389 turns).

xian the Gusty (Demonspawn Air Elementalist)        Turns: 2389, Time: 00:03:31

Health: -2/24      AC:  5    Str:  8    XL:     3   Next: 83%
Magic:  2/6        EV: 12    Int: 24    God:
Gold:   97         SH:  0    Dex: 19    Spells: 1/7 levels left

rFire   . . .      SeeInvis .   i - +0 dagger
rCold   . . .      Faith    .   (no shield)
rNeg    . . .      Spirit   .   p - +0 leather armour
rPois   .          Reflect  .   (no helmet)
rElec   .          Harm     .   o - +0 cloak
rCorr   .          Rampage  .   r - +0 pair of gloves
Will    .....                   (no boots)
Stlth   ++........              (no amulet)
HPRegen 0.08/turn               h - +6 ring of dexterity
MPRegen 0.20/turn               f - +6 ring of intelligence

@: no status effects
A: magic regeneration
a: no special abilities


You were on level 3 of the Dungeon.
You visited 1 branch of the dungeon, and saw 3 of its levels.

You collected 97 gold pieces.

Inventory:

Hand Weapons
 i - a +0 dagger (weapon)
Armour
 o - a +0 cloak (worn)
 p - a +0 leather armour (worn)
 r - a +0 pair of gloves (worn)
Jewellery
 f - a +6 ring of intelligence (right hand)
 h - a +6 ring of dexterity (left hand)
 q - a ring of protection from fire
Scrolls
 c - 2 scrolls of poison {unknown}
 d - a scroll of enchant armour
 g - 3 scrolls of amnesia {unknown}
 j - a scroll of magic mapping
 k - a scroll of vulnerability {unknown}
Potions
 a - 2 potions of degeneration {unknown}
 b - a potion of magic
 e - a potion of might
 l - a potion of brilliance {unknown}
 m - 3 potions of heal wounds {unknown}
 n - a potion of curing {unknown}


   Skills:
 + Level 0.2 Armour
 + Level 2.0 Dodging
 + Level 1.9 Stealth
 + Level 2.6 Spellcasting
 + Level 1.7 Conjurations
 + Level 3.4 Air Magic


You had one spell level left.
You knew the following spells:

 Your Spells              Type           Power      Damage    Failure   Level
a - Shock                 Conj/Air       60%        1d6       5%          1
b - Static Discharge      Conj/Air       15%        3-5/arc   9%          2
c - Swiftness             Air            19%        N/A       12%         3

Your spell library contained the following spells:

 Spells                   Type           Power      Damage    Failure   Level
 Airstrike                Air            9%         2d(2-18)  36%         4


Dungeon Overview and Level Annotations

Branches:
Dungeon (3/15)

Altars:


Innate Abilities, Weirdness & Mutations

You regenerate magic rapidly.


Message History

An orc comes into view. It is wielding a +0 club.
The zap hits the orc.
The orc is almost dead.
The zap hits something.
The zap hits the orc.
The orc is severely wounded.
The zap hits the orc.
You kill the orc!
The zap misses the orc.
The zap hits the orc.
The orc is almost dead.
The orc hits you with a +1 dagger of speed.
Something hits you.
The zap hits the orc.
The orc is severely wounded.
The zap hits the orc.
You kill the orc!
The orc closely misses you. Something hits you but does no damage.
You are out of magic!
Unknown command.
You hit the orc.
You kill the orc!
Something hits you.
Your Dodging skill increases to level 2!
Something barely misses you.
You see here a +1 dagger of speed.
Something hits you but does no damage.
Things that are here:
a +0 club; a +0 leather armour; an orc corpse You barely miss something.
Something hits you.
You hit something but do no damage.
You hear some strange, mumbled words.
A puff of flame appears from out of thin air!
The puff of flame hits you.
* * * LOW HITPOINT WARNING * * *
You hit something but do no damage. Something hits you.
* * * LOW HITPOINT WARNING * * *
You barely miss something.
You hear some strange, mumbled words.
A puff of flame appears from out of thin air!
The puff of flame hits you.
You die...

#.## ##.....##
###.# #.# ##...##
#<# ..# ##'## #.#
### #.# #.# #
#######.## #.# #
#........##### #.#
# #.####...##..
..# #
#.###.....#.# ###
# #.#......##@#
######.#...#..##{#
...........##.##)#
######.##......).#
#.######.####
#........#
##########


There were no monsters in sight!

Vanquished Creatures
  2 worms (D:2)
  2 dart slugs
  3 orcs (D:3)
  3 ball pythons
  2 endoplasms
  2 giant cockroaches
  9 goblins
  2 hobgoblins (D:1)
  3 jackals (D:1)
  A quokka (D:1)
  2 frilled lizards
  8 kobolds
  5 rats
44 creatures vanquished.

Notes
Turn   | Place    | Note
-------+----------+-------------------------------------------
     0 | D:1      | xian the Demonspawn Air Elementalist began the quest for
                  | the Orb.
     0 | D:1      | Reached XP level 1. HP: 13/13 MP: 3/3
   173 | D:1      | Reached skill level 3 in Air Magic
   189 | D:1      | Gained mutation: You regenerate magic rapidly. [demonic
                  | ancestry]
   189 | D:1      | Reached XP level 2. HP: 12/19 MP: 1/5
   192 | D:1      | Learned a level 2 spell: Static Discharge
   683 | D:1      | Found a faded altar of an unknown god.
  1276 | D:2      | Reached XP level 3. HP: 24/24 MP: 4/6
  2109 | D:2      | Learned a level 3 spell: Swiftness
  2389 | D:3      | Killed from afar by an orc wizard

Illustrated notes

Levels and vault maps discovered:
D:1:      dpeg_arrival_pits, layout_loops_cross,
          dreamdust_ecumenical_altar_angels_and_demons, bh_walls_and_bars
D:2:      kennysheep_six_static_rooms, layout_basic
D:3:      layout_loops_corners, uniq_grinder

Skill      XL: |  1  2  3 |
---------------+----------+-----
Air Magic      | 3 |  3.4
Dodging        | 2 |  2.0
Armour         | |  0.2
Stealth        | |  1.9
Spellcasting   | |  2.6
Conjurations   | |  1.7

Action                   || total
-------------------------++-------
Melee: Club              ||     3
       Dagger            ||     8
 Cast: Shock             ||    93
  Use: Scroll            ||     3
Armor: Leather armour    ||     2
Dodge: Dodged            ||    12
